 Dungeon Crawl Stone Soup version 0.24.0-41-g2ae2f7f1be (webtiles) character file.

Game seed: 1959289626162686178, levelgen mode: deterministic

1257 Delamore the Cleaver (level 8, -1/64 HPs)
             Began as a Hill Orc Fighter on Dec 14, 2019.
             Was a Believer of Okawaru.
             Slain by an orc warrior
             ... wielding a +0 glaive
              (22 damage)
             ... on level 6 of the Dungeon.
             The game lasted 00:04:44 (5138 turns).

Delamore the Cleaver (Hill Orc Fighter)             Turns: 5138, Time: 00:04:44

Health: -1/64      AC:  8    Str: 21    XL:     8   Next: 51%
Magic:  8/8        EV:  7    Int:  8    God:    Okawaru [**....]
Gold:   173        SH:  9    Dex: 10    Spells: 7/7 levels left

rFire    . . .     SeeInvis .   a - +0 war axe
rCold    + . .     Gourm    .   c - +0 shield
rNeg     . . .     Faith    .   b - +0 scale mail
rPois    +         Spirit   .   (no helmet)
rElec    .         Reflect  .   (no cloak)
rCorr    .         Harm     .   p - +0 pair of gloves
MR       .....                  (no boots)
Stlth    ..........             (no amulet)
HPRegen  0.20/turn              j - ring of protection from cold
MPRegen  0.11/turn              v - ring of poison resistance

@: no status effects
A: no striking features
a: Heroism, Renounce Religion


You were on level 6 of the Dungeon.
You worshipped Okawaru.
Okawaru was pleased with you.
You were not hungry.

You visited 1 branch of the dungeon, and saw 6 of its levels.

You collected 173 gold pieces.

Inventory:

Hand Weapons
 a - a +0 war axe (weapon)
Armour
 b - a +0 scale mail (worn)
 c - a +0 shield (worn)
 p - a +0 pair of gloves (worn)
Jewellery
 j - a ring of protection from cold (left hand)
 v - a ring of poison resistance (right hand)
Wands
 r - a wand of digging (6)
 y - a wand of paralysis (4)
Scrolls
 e - 3 scrolls of teleportation {unknown}
 g - a scroll of magic mapping {unknown}
 i - a scroll of amnesia {unknown}
 l - 5 scrolls of identify {unknown}
 o - 2 scrolls of immolation {unknown}
 q - 2 scrolls of remove curse {unknown}
 t - a scroll of noise {unknown}
 u - 2 scrolls of enchant armour {unknown}
 x - 3 scrolls of enchant weapon {unknown}
Potions
 d - a potion of might
 h - a potion of ambrosia {unknown}
 k - a potion of magic {unknown}
 m - 3 potions of invisibility {unknown}
 n - a potion of heal wounds {unknown}
 s - 2 potions of curing {unknown}
 w - a potion of degeneration {unknown}
Comestibles
 f - 10 rations
 z - 7 chunks of flesh


   Skills:
 - Level 3.6 Fighting
 + Level 12.8 Axes
 - Level 3.2 Armour
 - Level 3.2 Shields


You had 7 spell levels left.
You didn't know any spells.
Your spell library contained the following spells:

 Spells                   Type           Power        Failure   Level  Hunger
 Animate Skeleton         Necr           N/A          99%         1    ##.....
 Apportation              Tloc           #.....       99%         1    ##.....
 Confusing Touch          Hex            #.....       99%         1    ##.....
 Summon Small Mammal      Summ           #...         99%         1    ##.....
 Confuse                  Hex            #.......     100%        3    ####...
 Gell's Gravitas          Tloc           #.........   100%        3    ####...
 Petrify                  Tmut/Erth      #.......     100%        4    #####..
 Metabolic Englaciation   Hex/Ice        #.........   100%        5    ######.
 Yara's Violent Unravell  Hex/Tmut       #.........   100%        5    ######.


Dungeon Overview and Level Annotations

Branches:
Dungeon (6/15)
 Temple: D:4-7

Altars:
Ashenzari
Elyvilon
Fedhas
Kikubaaqudgha
Nemelex Xobeh
Okawaru
Zin


Message History

You barely miss the orc warrior.
The orc warrior is almost dead.
The orc warrior hits you with a +0 glaive!!
You are too injured to fight recklessly!
You are too injured to fight recklessly!
You are too injured to fight recklessly!
You are too injured to fight recklessly!
You are too injured to fight recklessly!
You are too injured to fight recklessly!
You are too injured to fight recklessly!
You are too injured to fight recklessly!
You are too injured to fight recklessly!
You are too injured to fight recklessly!
You are too injured to fight recklessly!
You are too injured to fight recklessly!
You are too injured to fight recklessly!
You barely miss the orc warrior.
The orc warrior is almost dead.
The orc warrior hits you with a +0 glaive!!
You die...

######...##.###.#.##
#...............#.#
###'##########.##.#
. .....# #.##.####
.....# #..#...#
.....# ##.#...#
......# #.....#
......# ##....###
.##...# #.@>....#
###..... #..o....#
#.... #.......# ....
#.......# #.......#
#.......# #.......#
##...####


You could see an orc warrior.

Vanquished Creatures
  3 sky beasts
  3 ogres
  A water moccasin zombie (D:5)
  2 howler monkeys
  A crimson imp (D:5)
  4 orc wizards
  A bullfrog skeleton (D:6)
  An orc priest (D:6)
  3 jellies (D:5)
  Natasha (twice) (D:2)
  An iguana (D:5)
  2 hound skeletons
  A worker ant zombie (D:6)
  6 adders
  An ooze (D:3)
  An adder zombie (D:6)
  An adder skeleton (D:6)
  2 worms
  2 dart slugs
  6 leopard geckos
  23 orcs
  A giant cockroach (D:4)
  9 goblins
  10 hobgoblins
  3 jackals (D:6)
  4 quokkas
  A ball python (D:1)
  10 bats
  7 frilled lizards
  4 kobolds
  A quokka skeleton (D:4)
  4 rats
121 creatures vanquished.

Notes
Turn   | Place    | Note
-------+----------+-------------------------------------------
     0 | D:1      | Delamore the Hill Orc Fighter began the quest for the Orb.
     0 | D:1      | Reached XP level 1. HP: 19/19 MP: 1/1
     2 | D:1      | Noticed an elf
     2 | D:1      | Noticed a minotaur
     4 | D:1      | Noticed a human
     4 | D:1      | Noticed a centaur
     6 | D:1      | Noticed a vine stalker
     8 | D:1      | Noticed a gargoyle
    10 | D:1      | Noticed a demonspawn
    10 | D:1      | Noticed a merfolk
    12 | D:1      | Noticed a formicid
    12 | D:1      | Noticed a dwarf
    14 | D:1      | Noticed a vampire
    14 | D:1      | Noticed a demigod
    16 | D:1      | Noticed a spriggan
    18 | D:1      | Noticed a troll
    18 | D:1      | Noticed a tengu
    20 | D:1      | Noticed a ghoul
    20 | D:1      | Noticed a draconian
    22 | D:1      | Noticed an octopode
    22 | D:1      | Noticed a naga
    24 | D:1      | Noticed an ogre
    26 | D:1      | Noticed a halfling
    26 | D:1      | Noticed a felid
    51 | D:1      | Reached skill level 3 in Axes
   157 | D:1      | Reached XP level 2. HP: 24/26 MP: 2/2
   265 | D:1      | Reached skill level 4 in Axes
  1040 | D:2      | Reached XP level 3. HP: 24/31 MP: 3/3
  1237 | D:2      | Reached skill level 5 in Axes
  1244 | D:2      | Found a sparkling altar of Nemelex Xobeh.
  1491 | D:2      | Noticed Natasha
  1500 | D:2      | Killed Natasha
  1500 | D:2      | Reached XP level 4. HP: 17/39 MP: 4/4
  1743 | D:2      | Reached skill level 6 in Axes
  1879 | D:2      | Noticed Natasha
  1884 | D:2      | Killed Natasha
  1966 | D:3      | Reached XP level 5. HP: 29/45 MP: 5/5
  2120 | D:3      | Reached skill level 7 in Axes
  2454 | D:3      | Found a white marble altar of Elyvilon.
  2607 | D:3      | Found a blossoming altar of Fedhas.
  2999 | D:4      | Reached skill level 8 in Axes
  2999 | D:4      | Reached XP level 6. HP: 24/51 MP: 6/6
  3463 | D:4      | Reached skill level 9 in Axes
  3622 | D:4      | Found an iron altar of Okawaru.
  3622 | D:4      | Found an ancient bone altar of Kikubaaqudgha.
  3627 | D:4      | Found a glowing silver altar of Zin.
  3725 | D:4      | Became a worshipper of Warmaster Okawaru
  3756 | D:5      | Entered Level 5 of the Dungeon
  3795 | D:5      | Reached XP level 7. HP: 49/57 MP: 7/7
  3825 | D:5      | Reached skill level 10 in Axes
  3839 | D:5      | Reached * piety under Okawaru
  4051 | D:5      | Reached skill level 11 in Axes
  4269 | D:5      | Found a shattered altar of Ashenzari.
  4637 | D:6      | Reached XP level 8. HP: 13/64 MP: 8/8
  4937 | D:6      | Reached ** piety under Okawaru
  4937 | D:6      | Reached skill level 12 in Axes
  5138 | D:6      | Slain by an orc warrior

Levels and vault maps discovered:
D:1:      kb_arrival_jail, layout_basic, serial_co_window_serial,
          co_window_corner_a, co_window_corner_a, co_window_corner_a,
          co_window_paths_b, co_window_corner_a, co_window_of_opportunity_c,
          co_window_of_opportunity_b, co_window_paths_c, co_window_4corner_a,
          co_window_sun
D:2:      layout_basic, nemelex_altar_shiori, first_ration, uniq_natasha
D:3:      layout_loops_cross, elyvilon_altar_3, fedhas_altar_3
D:4:      layout_loops_cross, minitemple, ebering_dispersal_statue_hall
D:5:      layout_rooms, nicolae_ashenzari_panopticon, serial_glass,
          glass_columns_b, glass_columns_a, feat_on_display,
          minmay_statues_item, kennysheep_small_square
D:6:      layout_basic, minmay_temple_entry_enclosed_plants

Skill      XL: |  1  2  3  4  5  6  7  8 |
---------------+-------------------------+-----
Axes           | 3 4 5 6 8 9 11 12 | 12.8
Fighting       | |  3.6
Armour         | |  3.2
Shields        | |  3.2

Action                   |  1- 3 |  4- 6 |  7- 9 || total
-------------------------+-------+-------+-------++-------
Melee: War axe           |    77 |   189 |   153 ||   419
  Eat: Chunk             |     2 |     7 |     5 ||    14
Armor: Scale mail        |    31 |    62 |    48 ||   141
Dodge: Dodged            |    23 |    49 |    33 ||   105
Block: Shield            |    34 |    99 |    42 ||   175
